[ AOE2 MATCH · #507120605 ]
UnrankedDravidians vs Burgundians
Player's team · LOSS
[ REPLAY ANALYSIS · EXTRACTED FROM THE RECORDED GAME ]
Feudal
9:00
Castle
23:54
Imperial
39:14
| APM avg | 59.5 |
| APM peak | 95 |
| eAPM avg | 28.9 |
| Villagers / military | 112 / 81 |
Focus
⚔️ 46.1% · 🌾 53.9%
Elephant Archer ×40 · Skirmisher ×18 · Mangonel ×6 · Archer ×5 · Militia ×5 · Spearman ×2
Feudal
9:06
Castle
22:09
Imperial
36:59
| APM avg | 55.2 |
| APM peak | 87 |
| eAPM avg | 23.2 |
| Villagers / military | 144 / 174 |
Focus
⚔️ 39.5% · 🌾 60.5%
Skirmisher ×106 · Knight ×54 · Mangonel ×5 · Bombard Cannon ×4 · Monk ×3 · Archer ×1
Match map
Initial resources + every placement click. Lines = walls · curves = elevation contours. ◆ gold · ⬟ stone · ● berries · ✦ relic · ◌ wall gap
Your base· ✓ Closed at 23:54 · 1t walls · 3 gate(s)
Darknoob's base· ✓ Closed at 22:09 · 30t walls · 2 gate(s)
Smoothed initial terrain · ◌ = detected wall gap · hover for details
Inputs per minute
— 小少少 - - Darknoob
Build order — 小少少
First 150 of 327 actions detected
| 0:00 | Queue | Villager (Male) |
| 0:01 | Queue | Villager (Male) |
| 0:02 | Build | House |
| 0:08 | Queue | Villager (Male) |
| 0:08 | Queue | Villager (Male) |
| 1:17 | Queue | Villager (Male) |
| 1:20 | Build | House |
| 1:21 | Build | House |
| 1:49 | Queue | Villager (Male) |
| 1:49 | Queue | Villager (Male) |
| 1:52 | Build | House |
| 2:09 | Build | Lumber Camp |
| 2:20 | Queue | Villager (Male) |
| 2:20 | Queue | Villager (Male) |
| 2:40 | Queue | Villager (Male) |
| 2:41 | Queue | Villager (Male) |
| 3:01 | Queue | Villager (Male) |
| 3:35 | Queue | Villager (Male) |
| 3:57 | Queue | Villager (Male) |
| 3:57 | Queue | Villager (Male) |
| 4:12 | Queue | Villager (Male) |
| 4:12 | Queue | Villager (Male) |
| 4:33 | Queue | Villager (Male) |
| 4:33 | Queue | Villager (Male) |
| 5:02 | Build | Barracks |
| 5:15 | Queue | Villager (Male) |
| 5:28 | Research | Loom |
| 5:33 | Queue | Villager (Male) |
| 6:50 | Research | Feudal Age |
| 6:51 | Research | Feudal Age |
| 7:02 | Queue | Militia |
| 7:03 | Build | Mill |
| 7:05 | Build | House |
| 7:22 | Queue | Militia |
| 7:45 | Queue | Militia |
| 8:19 | Build | House |
| 8:48 | Queue | Villager (Male) |
| 9:00 | Age | Feudal Age |
| 9:01 | Research | Man-at-Arms (upgrade) |
| 9:03 | Research | Loom |
| 9:06 | Build | Watch Tower |
| 9:07 | Queue | Villager (Male) |
| 9:36 | Build | Watch Tower |
| 9:45 | Queue | Villager (Male) |
| 10:00 | Build | Archery Range |
| 10:03 | Build | Farm |
| 10:06 | Build | Farm |
| 10:07 | Build | Farm |
| 10:17 | Research | Arson |
| 10:17 | Queue | Villager (Male) |
| 10:20 | Queue | Militia |
| 10:36 | Build | Mining Camp |
| 10:47 | Build | Mining Camp |
| 10:50 | Queue | Villager (Male) |
| 11:11 | Queue | Villager (Male) |
| 11:19 | Queue | Spearman |
| 11:21 | Queue | Spearman |
| 11:24 | Build | Farm |
| 11:33 | Build | House |
| 11:42 | Queue | Villager (Male) |
| 11:51 | Build | Farm |
| 11:52 | Queue | Archer |
| 11:52 | Queue | Archer |
| 11:59 | Build | House |
| 12:17 | Queue | Archer |
| 12:23 | Build | Farm |
| 12:31 | Queue | Villager (Male) |
| 12:34 | Build | Farm |
| 12:44 | Queue | Archer |
| 13:04 | Queue | Villager (Male) |
| 13:07 | Build | House |
| 13:08 | Build | House |
| 13:13 | Build | Outpost |
| 13:18 | Research | Town Watch |
| 13:22 | Research | Double-Bit Axe |
| 13:41 | Build | Watch Tower |
| 13:46 | Queue | Villager (Male) |
| 13:46 | Queue | Villager (Male) |
| 13:56 | Queue | Archer |
| 13:58 | Queue | Skirmisher |
| 14:39 | Build | Palisade Wall |
| 14:53 | Queue | Villager (Male) |
| 15:00 | Queue | Skirmisher |
| 15:02 | Queue | Villager (Male) |
| 15:04 | Build | Blacksmith |
| 15:11 | Queue | Skirmisher |
| 15:16 | Build | Farm |
| 15:20 | Queue | Skirmisher |
| 15:31 | Queue | Villager (Male) |
| 15:41 | Build | House |
| 15:42 | Build | House |
| 15:46 | Research | Fletching |
| 15:46 | Research | Fletching |
| 16:20 | Queue | Skirmisher |
| 16:34 | Queue | Villager (Male) |
| 16:34 | Queue | Villager (Male) |
| 16:42 | Queue | Skirmisher |
| 16:44 | Queue | Villager (Male) |
| 16:46 | Build | Farm |
| 16:46 | Build | Farm |
| 16:47 | Build | Farm |
| 16:48 | Build | Farm |
| 17:06 | Queue | Skirmisher |
| 17:16 | Queue | Skirmisher |
| 17:19 | Build | House |
| 17:26 | Queue | Skirmisher |
| 17:38 | Queue | Villager (Male) |
| 17:39 | Queue | Villager (Male) |
| 17:40 | Queue | Militia |
| 17:52 | Build | House |
| 17:58 | Build | Farm |
| 17:59 | Build | Farm |
| 18:18 | Queue | Skirmisher |
| 18:22 | Queue | Skirmisher |
| 18:28 | Build | Market |
| 18:43 | Queue | Villager (Male) |
| 18:43 | Queue | Villager (Male) |
| 18:45 | Build | Farm |
| 18:50 | Queue | Skirmisher |
| 18:56 | Build | Farm |
| 18:59 | Build | Farm |
| 19:09 | Research | Horse Collar |
| 19:10 | Queue | Villager (Male) |
| 19:34 | Queue | Skirmisher |
| 19:36 | Queue | Villager (Male) |
| 19:39 | Build | Farm |
| 19:39 | Build | Farm |
| 20:01 | Queue | Villager (Male) |
| 20:13 | Queue | Skirmisher |
| 20:32 | Build | Lumber Camp |
| 20:46 | Queue | Villager (Male) |
| 20:58 | Build | Farm |
| 21:14 | Research | Castle Age |
| 21:14 | Research | Castle Age |
| 21:32 | Queue | Skirmisher |
| 21:38 | Research | Gold Mining |
| 21:43 | Queue | Skirmisher |
| 22:25 | Queue | Skirmisher |
| 22:37 | Queue | Villager (Male) |
| 23:17 | Queue | Skirmisher |
| 23:28 | Queue | Villager (Male) |
| 23:54 | Age | Castle Age |
| 23:57 | Queue | Elephant Archer |
| 23:58 | Queue | Elephant Archer |
| 24:01 | Research | Bodkin Arrow |
| 24:12 | Queue | Villager (Male) |
| 24:13 | Build | Town Center |
| 24:30 | Queue | Villager (Male) |
| 24:32 | Build | Stable |
| 24:34 | Research | Padded Archer Armor |
Build order — Darknoob
First 150 of 436 actions detected
| 0:00 | Queue | Villager (Male) |
| 0:01 | Queue | Villager (Male) |
| 0:02 | Build | House |
| 0:03 | Build | House |
| 0:11 | Queue | Villager (Male) |
| 0:11 | Queue | Villager (Male) |
| 0:12 | Queue | Villager (Male) |
| 1:24 | Queue | Villager (Male) |
| 1:25 | Queue | Villager (Male) |
| 1:58 | Queue | Villager (Male) |
| 1:59 | Queue | Villager (Male) |
| 1:59 | Queue | Villager (Male) |
| 2:11 | Build | Lumber Camp |
| 2:32 | Queue | Villager (Male) |
| 2:33 | Queue | Villager (Male) |
| 3:13 | Research | Double-Bit Axe |
| 3:14 | Queue | Villager (Male) |
| 3:25 | Build | House |
| 3:37 | Queue | Villager (Male) |
| 3:49 | Queue | Villager (Male) |
| 3:49 | Queue | Villager (Male) |
| 4:05 | Queue | Villager (Male) |
| 4:06 | Queue | Villager (Male) |
| 4:53 | Queue | Villager (Male) |
| 5:05 | Queue | Villager (Male) |
| 5:06 | Queue | Villager (Male) |
| 5:06 | Queue | Villager (Male) |
| 5:06 | Queue | Villager (Male) |
| 5:22 | Build | Mill |
| 5:52 | Queue | Villager (Male) |
| 6:20 | Build | House |
| 6:26 | Queue | Villager (Male) |
| 6:26 | Queue | Villager (Male) |
| 6:56 | Research | Feudal Age |
| 6:56 | Research | Feudal Age |
| 6:58 | Build | House |
| 7:21 | Build | Lumber Camp |
| 7:35 | Research | Horse Collar |
| 7:35 | Research | Horse Collar |
| 7:47 | Queue | Villager (Male) |
| 9:06 | Age | Feudal Age |
| 9:07 | Research | Bow Saw |
| 9:07 | Research | Bow Saw |
| 9:08 | Research | Heavy Plow |
| 9:08 | Research | Heavy Plow |
| 9:16 | Queue | Villager (Male) |
| 9:16 | Queue | Villager (Male) |
| 9:41 | Queue | Villager (Male) |
| 9:48 | Build | Stone Wall |
| 9:58 | Queue | Villager (Male) |
| 10:05 | Research | Loom |
| 10:05 | Research | Loom |
| 10:08 | Build | Stone Wall |
| 10:11 | Build | Stone Wall |
| 10:15 | Build | Mining Camp |
| 10:17 | Queue | Villager (Male) |
| 10:20 | Queue | Villager (Male) |
| 10:20 | Queue | Villager (Male) |
| 10:44 | Queue | Villager (Male) |
| 10:51 | Build | Barracks |
| 10:58 | Queue | Villager (Male) |
| 11:01 | Queue | Villager (Male) |
| 11:11 | Build | House |
| 11:12 | Build | House |
| 11:32 | Build | Stone Wall |
| 11:33 | Build | Stone Wall |
| 11:38 | Queue | Villager (Male) |
| 11:50 | Build | Archery Range |
| 11:55 | Build | Mining Camp |
| 11:57 | Queue | Villager (Male) |
| 12:06 | Queue | Villager (Male) |
| 12:09 | Build | House |
| 12:19 | Build | Farm |
| 12:22 | Build | Farm |
| 12:23 | Queue | Skirmisher |
| 12:23 | Queue | Skirmisher |
| 12:25 | Queue | Archer |
| 12:33 | Build | Stone Wall |
| 12:34 | Build | Stone Wall |
| 12:40 | Queue | Villager (Male) |
| 12:42 | Build | Farm |
| 12:47 | Build | Stone Wall |
| 12:48 | Build | Stone Wall |
| 12:56 | Queue | Skirmisher |
| 12:58 | Build | Blacksmith |
| 13:01 | Queue | Villager (Male) |
| 13:05 | Build | Stone Wall |
| 13:05 | Build | Stone Wall |
| 13:05 | Build | Stone Wall |
| 13:37 | Queue | Villager (Male) |
| 13:41 | Build | Farm |
| 13:45 | Build | Farm |
| 13:58 | Research | Fletching |
| 13:58 | Research | Fletching |
| 14:03 | Build | Watch Tower |
| 14:10 | Queue | Skirmisher |
| 14:10 | Queue | Skirmisher |
| 14:12 | Queue | Villager (Male) |
| 14:13 | Build | Farm |
| 14:27 | Build | Farm |
| 14:37 | Build | Palisade Wall |
| 14:49 | Build | Stone Wall |
| 14:56 | Build | Farm |
| 15:00 | Build | Farm |
| 15:03 | Build | House |
| 15:13 | Research | Wheelbarrow |
| 15:14 | Research | Wheelbarrow |
| 15:28 | Build | Farm |
| 15:40 | Queue | Skirmisher |
| 16:36 | Queue | Villager (Male) |
| 16:36 | Queue | Villager (Male) |
| 16:45 | Queue | Skirmisher |
| 16:45 | Queue | Skirmisher |
| 17:11 | Build | Farm |
| 17:26 | Queue | Skirmisher |
| 17:30 | Build | House |
| 17:34 | Queue | Villager (Male) |
| 17:35 | Queue | Skirmisher |
| 17:35 | Queue | Skirmisher |
| 17:41 | Build | Watch Tower |
| 17:43 | Build | Farm |
| 17:55 | Queue | Villager (Male) |
| 18:17 | Build | House |
| 18:29 | Queue | Villager (Male) |
| 18:36 | Build | Market |
| 18:40 | Queue | Skirmisher |
| 18:56 | Queue | Villager (Male) |
| 19:05 | Build | Farm |
| 19:29 | Research | Castle Age |
| 19:30 | Research | Castle Age |
| 19:40 | Queue | Skirmisher |
| 19:40 | Queue | Skirmisher |
| 20:10 | Queue | Skirmisher |
| 20:17 | Build | Stable |
| 20:20 | Research | Gold Mining |
| 20:35 | Build | Farm |
| 20:53 | Research | Padded Archer Armor |
| 20:54 | Queue | Skirmisher |
| 20:54 | Queue | Skirmisher |
| 21:15 | Build | House |
| 21:17 | Build | House |
| 21:30 | Queue | Skirmisher |
| 21:59 | Queue | Villager (Male) |
| 22:02 | Research | Hand Cart |
| 22:09 | Age | Castle Age |
| 22:13 | Queue | Knight |
| 22:14 | Research | Bodkin Arrow |
| 22:14 | Research | Bodkin Arrow |
| 22:20 | Queue | Villager (Male) |
| 22:20 | Queue | Villager (Male) |
Match timeline
| 5:02 | 小少少 · first_building Barracks |
| 9:00 | 小少少 · age_up feudal |
| 9:06 | Darknoob · age_up feudal |
| 9:48 | Darknoob · wall_segment Stone Wall x8 |
| 10:00 | 小少少 · first_building Archery Range |
| 10:08 | Darknoob · wall_segment Stone Wall x4 |
| 10:11 | Darknoob · wall_segment Stone Wall x8 |
| 10:51 | Darknoob · first_building Barracks |
| 11:32 | Darknoob · wall_segment Stone Wall x1 |
| 11:33 | Darknoob · wall_segment Stone Wall x1 |
| 11:50 | Darknoob · first_building Archery Range |
| 12:33 | Darknoob · wall_segment Stone Wall x1 |
| 12:34 | Darknoob · wall_segment Stone Wall x1 |
| 12:47 | Darknoob · wall_segment Stone Wall x1 |
| 12:48 | Darknoob · wall_segment Stone Wall x1 |
| 13:05 | Darknoob · wall_segment Stone Wall x1 |
| 13:05 | Darknoob · wall_segment Stone Wall x1 |
| 13:05 | Darknoob · wall_segment Stone Wall x1 |
| 14:37 | Darknoob · wall_segment Palisade Wall x1 |
| 14:39 | 小少少 · wall_segment Palisade Wall x1 |
| 14:49 | Darknoob · wall_segment Stone Wall x1 |
| 19:29 | Darknoob · first_market_sell 100 food |
| 20:01 | 小少少 · first_market_buy 100 food |
| 20:17 | Darknoob · first_building Stable |
| 22:09 | Darknoob · age_up castle |
| 23:54 | 小少少 · age_up castle |
| 24:27 | Darknoob · first_building Monastery |
| 24:32 | 小少少 · first_building Stable |
| 26:34 | 小少少 · first_building Siege Workshop |
| 27:01 | Darknoob · first_building Castle |
| 28:31 | 小少少 · first_building Monastery |
| 31:02 | Darknoob · first_building Siege Workshop |
| 35:41 | 小少少 · first_market_sell 100 food |
| 36:59 | Darknoob · age_up imperial |
| 38:58 | 小少少 · first_building Castle |
| 39:14 | 小少少 · age_up imperial |
| 41:29 | 小少少 · wall_segment Palisade Wall x1 |
| 41:52 | 小少少 · resign |
[ AI ANALYSIS · 1 CREDIT ]
What really happened in this match?
Wolo.gg analyzes every decision: build order, eco, micro, common mistakes by bracket. Personalized analysis on WhatsApp or Discord in 30 seconds.
Civ guide
Dravidians
Perfil
Jugador #9750845